 Dungeon Crawl Stone Soup version 0.22-a0-612-gd2f0174 (webtiles) character file.

3041 Mamutox the Shield-Bearer (level 9, 0/89 HPs)
             Began as a Troll Monk on July 11, 2018.
             Was a Believer of the Shining One.
             Slain by a two-headed ogre
             ... wielding a +0 giant spiked club
              (30 damage)
             ... on level 10 of the Dungeon.
             The game lasted 00:20:41 (5843 turns).

Mamutox the Shield-Bearer (Troll Monk)              Turns: 5843, Time: 00:20:42

Health: 0/89       AC: 13    Str: 21    XL:     9   Next: 56%
Magic:  9/11       EV: 11    Int:  6    God:    the Shining One [**....]
Gold:   348        SH:  8    Dex: 15    Spells: 8/8 levels left

rFire    . . .     SeeInvis .   t - +2 mace (protect)
rCold    . . .     Gourm    +   (no shield)
rNeg     + + .     Faith    .   b - +1 robe
rPois    .         Spirit   .   (helmet restricted)
rElec    .         Reflect  .   r - scarf {repulsion}
rCorr    .         Harm     .   (gloves unavailable)
MR       .....                  (boots unavailable)
Stlth    +.........             (no amulet)
HPRegen  0.64/turn              o - ring of loudness (curse)
MPRegen  0.12/turn              y - ring of positive energy

@: lethally poisoned (0 -> 0), divine shield, protection aura, glowing, repel
missiles
A: large, unfitting armour, claws 3, fast metabolism 3, gourmand, regeneration
1, shaggy fur 1, tough skin 2
a: Divine Shield, Renounce Religion


You were on level 10 of the Dungeon.
You worshipped the Shining One.
The Shining One was pleased with you.
You were not hungry.

You visited 2 branches of the dungeon, and saw 9 of its levels.

You collected 348 gold pieces.

Inventory:

Hand Weapons
 t - a +2 mace of protection (weapon)
 v - a +1 dire flail of crushing
 A - a +0 giant spiked club
Missiles
 s - 23 poisoned needles
 G - 2 tomahawks (quivered)
Armour
 b - a +1 robe (worn)
 r - a scarf of repulsion (worn)
 D - a +0 shield
Jewellery
 o - a cursed ring of loudness (left claw)
 y - a ring of positive energy (right claw)
 F - an uncursed ring of resist corrosion {unknown}
Wands
 u - a wand of iceblast (9)
 z - a wand of enslavement (10)
 C - a wand of acid (6)
Scrolls
 a - a scroll of magic mapping {unknown}
 d - 2 scrolls of remove curse {unknown}
 g - 5 scrolls of teleportation
 h - 2 scrolls of enchant armour
 i - a scroll of noise {unknown}
 m - a scroll of blinking {unknown}
 q - a scroll of amnesia
 B - 2 scrolls of identify
 E - a scroll of enchant weapon {unknown}
Potions
 e - 3 potions of curing
 f - 2 potions of flight
 j - 3 potions of resistance
 k - 4 potions of lignification
 l - 2 potions of heal wounds {unknown}
 n - a potion of might
 p - 2 potions of agility
 w - a potion of mutation
 x - 2 potions of magic {unknown}
Comestibles
 c - 18 rations


   Skills:
 - Level 5.7 Fighting
 - Level 6.4 Maces & Flails
 - Level 3.5 Dodging
 - Level 1.0 Stealth
 + Level 6.5 Shields
 - Level 4.6 Invocations


You had 8 spell levels left.
You didn't know any spells.
Your spell library contained the following spells:

 Spells                   Type           Power        Failure   Level  Hunger
 Magic Dart               Conj           #...         45%         1    ##.....
 Conjure Flame            Conj/Fire      #.......     83%         3    ####...
 Slow                     Hex            #.......     58%         2    ###....
 Mephitic Cloud           Conj/Pois/Air  #.......     83%         3    ####...
 Blink                    Tloc           N/A          58%         2    ###....
 Iskenderun's Mystic Bla  Conj           #.......     99%         4    #####..
 Call Imp                 Summ           #.......     58%         2    ###....
 Fulminant Prism          Conj/Hex       #.........   99%         4    #####..
 Dazzling Spray           Conj/Hex       #.....       83%         3    ####...
 Force Lance              Conj/Tloc      #.......     99%         4    #####..
 Searing Ray              Conj           #.....       58%         2    ###....


Dungeon Overview and Level Annotations

Branches:
Dungeon (7/15)             Temple (1/1) D:5

Altars:
Ashenzari
Cheibriados
Dithmenos
Elyvilon
Fedhas
Gozag
Hepliaklqana
Kikubaaqudgha
Makhleb
Nemelex Xobeh
Okawaru
Qazlal
Ru
Sif Muna
Trog
Uskayaw
Vehumet
Wu Jian
Xom
Yredelemnul
Zin
The Shining One

Shops:
D:6 =


Innate Abilities, Weirdness & Mutations

You are too large for most types of armour.
You have claws for hands.
Your metabolism is lightning-fast.
You like to eat raw meat.
Your natural rate of healing is unusually fast.
You are covered in fur. (AC +1)
You have very tough skin. (AC +2)


Message History

The two-headed ogre hits you but does no damage.
The two-headed ogre hits you with a dire flail!
You sock the two-headed ogre!
The two-headed ogre is severely wounded.
You feel sick.
You sock the two-headed ogre!
The two-headed ogre is almost dead.
You block the two-headed ogre's attack. The two-headed ogre barely misses you.
You hit the two-headed ogre.
The two-headed ogre is almost dead.
You feel sick. You block the two-headed ogre's attack.
The two-headed ogre barely misses you.
You hit the two-headed ogre but do no damage.
The two-headed ogre is almost dead.
You block the two-headed ogre's attack. The two-headed ogre barely misses you.
You hit the two-headed ogre.
The two-headed ogre is almost dead.
You feel sick.
The two-headed ogre hits you with a giant spiked club!!
You die...

...####... .....c....
#.....^.O. ##....?..a.
'......... #.........
#.......<. #'########
#cO@.....# ########'###
###..........#
###+######.'..........##.
#........#.#...)..........
#......).#.#..........#....
#........#.#..........#....
#.......(#.#..........# ...
+........(.#..........# ..


You could see a two-headed ogre and a centaur.

Vanquished Creatures
  A centaur warrior (D:10)
  Eustachio (D:5)
  A hungry ghost (D:10)
  Menkaure (D:4)
  Edmund (D:4)
  A water moccasin (D:10)
  An orc warrior (D:7)
  3 sky beasts
  A centaur (D:6)
  2 ogres
  A bullfrog (D:7)
  A water moccasin zombie (D:7)
  5 killer bees (D:7)
  4 howler monkeys
  A centaur zombie (D:10)
  A crimson imp (D:6)
  3 orc wizards
  5 orc priests
  2 bullfrog skeletons (D:4)
  An iguana (D:6)
  2 worker ants
  A hound skeleton (D:4)
  7 adders
  An ooze (D:1)
  An adder zombie (D:6)
  An adder skeleton (D:4)
  2 worms
  4 dart slugs
  7 leopard geckos
  22 orcs
  4 bats (D:1)
  9 giant cockroaches
  3 goblins
  11 hobgoblins
  9 jackals
  2 quokkas
  2 ball pythons
  6 frilled lizards
  2 kobolds
  A leopard gecko skeleton (D:4)
  11 rats
145 creatures vanquished.

Notes
Turn   | Place    | Note
-------+----------+-------------------------------------------
     0 | D:1      | Mamutox the Troll Monk began the quest for the Orb.
     0 | D:1      | Reached XP level 1. HP: 22/22 MP: 0/0
    60 | D:1      | Reached XP level 2. HP: 26/29 MP: 1/1
   327 | D:1      | Reached XP level 3. HP: 36/36 MP: 2/2
  1084 | D:2      | Reached XP level 4. HP: 40/44 MP: 3/3
  1642 | D:3      | You fall through a shaft!
  1690 | D:4      | Reached skill level 5 in Maces & Flails
  1690 | D:4      | Reached XP level 5. HP: 21/50 MP: 4/4
  1863 | D:4      | Noticed an ogre
  1872 | D:3      | Noticed a sky beast
  1886 | D:3      | Killed a sky beast
  1940 | D:3      | Found a faded altar of an unknown god.
  2096 | D:3      | Reached XP level 6. HP: 49/59 MP: 5/5
  2584 | D:4      | Noticed Edmund
  2616 | D:4      | Killed Edmund
  2750 | D:4      | Noticed Menkaure
  2754 | D:4      | Killed Menkaure
  2754 | D:4      | Reached XP level 7. HP: 45/67 MP: 6/6
  3076 | D:5      | Entered Level 5 of the Dungeon
  3081 | D:5      | Found a staircase to the Ecumenical Temple.
  3090 | Temple   | Entered the Ecumenical Temple
  3157 | Temple   | Became a worshipper of the Shining One
  3157 | Temple   | Reached * piety under the Shining One
  3157 | Temple   | Reached ** piety under the Shining One
  3231 | D:5      | Found a transporter.
  3305 | D:5      | Noticed a kobold demonologist
  3311 | D:5      | Found a transporter.
  3401 | D:5      | Reached skill level 1 in Invocations
  3828 | D:5      | Noticed Eustachio
  3848 | D:5      | Killed Eustachio
  4324 | D:6      | Found Zaexirr's Jewellery Shop.
  4398 | D:6      | Reached XP level 8. HP: 79/79 MP: 9/9
  4422 | D:6      | Reached skill level 5 in Fighting
  4439 | D:6      | Found a blossoming altar of Fedhas.
  5016 | D:7      | Reached skill level 1 in Shields
  5262 | D:7      | Reached XP level 9. HP: 8/89 MP: 11/11
  5647 | D:7      | You fall through a shaft for 3 floors!
  5647 | D:10     | Entered Level 10 of the Dungeon
  5685 | D:10     | Noticed a centaur warrior
  5701 | D:10     | Killed a centaur warrior
  5701 | D:10     | Reached skill level 5 in Shields
  5823 | D:10     | Noticed a two-headed ogre
  5843 | D:10     | Slain by a two-headed ogre

Vault maps used:
D:1:      matt_arrival_grand_opening
D:2:      minmay_misc_feat_x
D:3:      chequers_ecumenical_altar_simple_redux, feat_on_display
D:4:      first_ration, uniq_edmund, uniq_menkaure
D:5:      gammafunk_wand_slinger, temple_statues, uniq_eustachio
D:6:      kennysheep_mini_moat, serial_shops, shop_fountains
D:7:      xom_teletrap_fun
D:10:     david_orc_2, serial_shops, shop_fountains, shop
Temple:   compressed_dpeg_circular_temple

Skill      XL: |  1  2  3  4  5  6  7  8  9 |
---------------+----------------------------+-----
Maces & Flails | 3 4 5 6 |  6.4
Fighting       | 3 4 5 |  5.7
Dodging        | 3 |  3.5
Invocations    | 2 4 |  4.6
Shields        | 3 6 |  6.5
Stealth        | |  1.0

Action                   |  1- 3 |  4- 6 |  7- 9 || total
-------------------------+-------+-------+-------++-------
Melee: Mace              |   189 |   165 |   332 ||   686
Invok: Divine Shield     |       |       |     4 ||     4
  Use: Scroll            |       |       |    11 ||    11
       Potion            |       |       |     1 ||     1
 Stab: Sleeping          |     4 |     1 |       ||     5
  Eat: Chunk             |    16 |    15 |    30 ||    61
       Ration            |       |       |     1 ||     1
Armor: Robe              |   102 |    61 |   155 ||   318
Dodge: Dodged            |   147 |    82 |   181 ||   410
       Deflected         |       |       |     5 ||     5
Block: Other             |       |       |    10 ||    10

Table legend:
 A = Spawn XP
 B = Non-spawn XP
 C = Spawn XP percentage of total XP
 D = Spawn monster count
 E = Non-spawn monster count
 F = Spawn count percentage of total count
 G = Total turns spent on level
                    A         B        C        D         E        F      G
               +---------+---------+-------+---------+---------+-------+---------
         Total |       0 |    4345 |   0.0 |       0 |     145 |   0.0 |  5843
               +---------+---------+-------+---------+---------+-------+---------
           D:1 |       0 |      66 |   0.0 |       0 |      30 |   0.0 |   846
           D:2 |       0 |      70 |   0.0 |       0 |      26 |   0.0 |   780
           D:3 |       0 |     231 |   0.0 |       0 |      20 |   0.0 |   618
           D:4 |       0 |     490 |   0.0 |       0 |      13 |   0.0 |   832
           D:5 |       0 |     476 |   0.0 |       0 |      13 |   0.0 |  1127
           D:6 |       0 |     900 |   0.0 |       0 |      23 |   0.0 |   683
           D:7 |       0 |     738 |   0.0 |       0 |      15 |   0.0 |   661
          D:10 |       0 |    1374 |   0.0 |       0 |       5 |   0.0 |   196
               +---------+---------+-------+---------+---------+-------+---------
